[Event "World Junior U20 Girls 2018"]
[Site "Gebze"]
[Date "2018.09.11"]
[Round "7"]
[White "Aubert, Laurane"]
[Black "Caglar, Sila"]
[Result "0-1"]
[ECO "B23"]
[WhiteElo "1970"]
[BlackElo "2208"]
[Annotator "ChessBase"]
[PlyCount "76"]
[EventDate "2018.09.05"]
[EventType "swiss"]
[EventCountry "TUR"]
[SourceTitle "playchess.com"]
[Source "ChessBase"]
[SourceQuality "1"]
[TimeControl "40/5400+30:1800+30"]

1. e4 c5 2. Nc3 d6 3. f4 g6 4. Nf3 Bg7 5. Bc4 Nc6 6. O-O e6 7. f5 gxf5 8. d3 Nge7 9. Ng5 Ne5 10. Bb3 h6 11. Nh3 Bd7 12. Nf4 Qb6 13. Nh5 Rg8 14. Qe1 fxe4 15. dxe4 c4+ 16. Be3 Qa6 17. Qh4 cxb3 18. axb3 Qc6 19. Bxh6 Bh8 20. Bg5 Qc5+ 21. Kh1 Nf3 22. Rxf3 Qxg5 23. Qxg5 Rxg5 24. Nf4 Ng6 25. Nh3 Rc5 26. Raf1 f5 27. Rg3 Ne7 28. exf5 Rxf5 29. Rd1 Be5 30. Re3 O-O-O 31. Ne4 Bc6 32. Ng3 Rf6 33. Red3 Rdf8 34. c3 Nf5 35. Ne2 Nh4 36. Rg1 Rf1 37. Nhf4 Bxf4 38. Rxf1 Bxg2+ 0-1

[Event "World Junior U20 Girls 2018"]
[Site "Gebze"]
[Date "2018.09.11"]
[Round "7"]
[White "Vujcic, Milena"]
[Black "Incecik, Seyma Zeynep"]
[Result "0-1"]
[ECO "B01"]
[WhiteElo "1955"]
[BlackElo "1716"]
[Annotator "NA RC"]
[PlyCount "74"]
[EventDate "2018.09.05"]
[EventType "swiss"]
[EventCountry "TUR"]
[SourceTitle "playchess.com"]
[Source "ChessBase"]
[SourceQuality "1"]
[TimeControl "40/5400+30:1800+30"]

1. e4 d5 2. exd5 Qxd5 3. Nc3 Qa5 4. d4 c6 5. Nf3 Nf6 6. Bc4 Bf5 7. Bd2 e6 8. Nd5 Qd8 9. Nxf6+ gxf6 10. Qe2 Qc7 11. O-O-O Nd7 $14 12. Nh4 Bg6 13. f4 f5 14. Rhe1 O-O-O 15. Bb3 Be7 16. Nf3 Bh5 17. h3 Bh4 18. Rf1 Bg3 19. Qe3 Nf8 20. Ne5 Bxd1 21. Qxg3 Bh5 22. Qg7 Nd7 23. Nxd7 Qxd7 24. Bc3 c5 25. g4 cxd4 26. Rd1 Qc7 27. Bd2 fxg4 28. hxg4 Rhg8 29. Qxh7 Bg6 30. Qh2 Bxc2 31. Bxc2 d3 32. Bc3 dxc2 33. Kxc2 Rxd1 34. Kxd1 Rxg4 35. Be5 Qc4 36. Qf2 Qd5+ 37. Ke1 Qh1+ 0-1

[Event "World Junior U20 Girls 2018"]
[Site "Gebze"]
[Date "2018.09.11"]
[Round "7"]
[White "Kyrkjebo, Hanna B"]
[Black "Ozbay, Ece"]
[Result "0-1"]
[ECO "B40"]
[WhiteElo "1947"]
[BlackElo "2114"]
[Annotator "ChessBase"]
[PlyCount "66"]
[EventDate "2018.09.05"]
[EventType "swiss"]
[EventCountry "TUR"]
[SourceTitle "playchess.com"]
[Source "ChessBase"]
[SourceQuality "1"]
[TimeControl "40/5400+30:1800+30"]

1. e4 c5 2. Nf3 e6 3. b3 b6 4. Bd3 Bb7 5. O-O d6 6. Bb2 Nf6 7. e5 dxe5 8. Nxe5 Bd6 9. Bb5+ Nbd7 10. Re1 Qc7 11. Qe2 O-O 12. Na3 a6 13. Bd3 Nd5 14. Qh5 g6 15. Ng4 e5 16. Qh6 f5 17. Ne3 Nxe3 18. Rxe3 b5 19. Rg3 Nb6 20. f3 Nd5 21. Rxg6+ hxg6 22. Qxg6+ Qg7 23. Qe6+ Rf7 24. Qxd6 Nf4 25. g3 Nh3+ 26. Kf1 Re8 27. Be2 f4 28. g4 Qg5 29. Qxc5 Qh4 30. Qb6 Re6 31. Qc5 Rc6 32. Qa7 Bc8 33. Qa8 Qf2# 0-1

[Event "World Junior U20 Girls 2018"]
[Site "Gebze"]
[Date "2018.09.11"]
[Round "7"]
[White "Kyrkjebo, Marte B"]
[Black "Rousseau, Christilla"]
[Result "1/2-1/2"]
[ECO "B12"]
[WhiteElo "1935"]
[BlackElo "1677"]
[Annotator "NA"]
[PlyCount "97"]
[EventDate "2018.09.05"]
[EventType "swiss"]
[EventCountry "TUR"]
[SourceTitle "playchess.com"]
[Source "ChessBase"]
[SourceQuality "1"]
[TimeControl "40/5400+30:1800+30"]

1. e4 c6 2. d4 d5 3. e5 Bf5 4. Nf3 e6 5. Be2 c5 6. Be3 Qb6 7. Nc3 c4 8. Qc1 Nc6 9. O-O Qd8 10. Qd2 h6 11. Ne1 Nge7 12. f4 $11 Bh7 13. Nf3 Nf5 14. Bf2 a6 15. g4 Nfe7 16. Bg3 b5 17. Nh4 Qb6 18. Rad1 Qd8 19. Ra1 Qb6 20. Rad1 Nc8 21. Kh1 b4 22. Na4 Qa5 23. b3 c3 24. Qc1 Be7 25. Ng2 N8a7 26. f5 Bg5 27. Bf4 Bxf4 28. Qxf4 O-O 29. f6 g5 30. Qg3 Bxc2 31. Qh3 Kh7 32. Bd3+ Bxd3 33. Qxd3+ Kh8 34. Rf3 Rg8 35. Rh3 Rg6 36. Rh5 Qb5 37. Qc2 Nxd4 38. Qf2 c2 39. Qxd4 cxd1=Q+ 40. Qxd1 Rc8 41. h4 Qc6 42. Kh2 Qc2 43. Qf3 Qe4 44. Qg3 Rc2 45. hxg5 Rxg2+ 46. Qxg2 Qxe5+ 47. Kg1 Qe1+ 48. Kh2 Qe5+ 49. Kg1 1/2-1/2

[Event "World Junior U20 Girls 2018"]
[Site "Gebze"]
[Date "2018.09.11"]
[Round "7"]
[White "Salah, Nadezhda"]
[Black "Varshini, V."]
[Result "0-1"]
[ECO "A28"]
[WhiteElo "1918"]
[BlackElo "2173"]
[Annotator "ChessBase"]
[PlyCount "56"]
[EventDate "2018.09.05"]
[EventType "swiss"]
[EventCountry "TUR"]
[SourceTitle "playchess.com"]
[Source "ChessBase"]
[SourceQuality "1"]
[TimeControl "40/5400+30:1800+30"]

1. c4 e5 2. Nc3 Nf6 3. Nf3 Nc6 4. e3 Be7 5. Qb3 d6 6. Be2 O-O 7. O-O Rb8 8. d4 exd4 9. exd4 a6 10. a3 Re8 11. h3 h6 12. Rd1 Bf8 13. Qc2 Bd7 14. b3 Ne7 15. Bd3 Qc8 16. Ne2 Bf5 17. Ng3 Bxd3 18. Qxd3 Ng6 19. d5 Nd7 20. Bb2 Nde5 21. Qc3 Nf4 22. Nxe5 dxe5 23. Re1 b5 24. Ne4 Rb6 25. Re3 Rg6 26. Ng3 h5 27. h4 Bc5 28. Rf3 Rxg3 0-1

[Event "World Junior U20 Girls 2018"]
[Site "Gebze"]
[Date "2018.09.11"]
[Round "7"]
[White "Ince, Safiye Oyku"]
[Black "Auvray, Honorine"]
[Result "1/2-1/2"]
[ECO "B22"]
[WhiteElo "1905"]
[BlackElo "2050"]
[Annotator "NA"]
[PlyCount "92"]
[EventDate "2018.09.05"]
[EventType "swiss"]
[EventCountry "TUR"]
[SourceTitle "playchess.com"]
[Source "ChessBase"]
[SourceQuality "1"]
[TimeControl "40/5400+30:1800+30"]

1. e4 c5 2. Nf3 Nc6 3. c3 Nf6 4. e5 Nd5 5. Bc4 Nb6 6. Bb3 d5 7. exd6 Qxd6 8. O-O c4 9. Bc2 Bg4 {[%emt 0:00:00] B22: Sicilian: 2 c3} (9... g6 10. b3 Bg7 11. Na3 cxb3 12. axb3 O-O 13. Nc4 Nxc4 14. bxc4 Be6 15. Qe2 Qc5 16. Ra4 Na5 17. d4 Qc7 18. Bd3 Rac8 19. Bf4 Qxf4 20. Rxa5 {½-½ (31) Piorun,K (2633)-Wojtaszek,R (2750) Warsaw 2018}) 10. h3 Bh5 11. Re1 e6 12. b3 Be7 13. Na3 cxb3 14. axb3 O-O 15. d4 Bf6 $146 ({Predecessor:} 15... Nd5 16. Bd2 Rac8 17. Be4 {1-0 (34) Gabrielian,A (2554)-Nikologorskiy,K (2414) Moscow 2015}) 16. Nb5 Qb8 17. Qd3 Bg6 18. Qd2 Bxc2 19. Qxc2 a6 20. Na3 Nd5 21. Nc4 Qc7 22. Bg5 Rac8 23. Bxf6 Nxf6 24. Rac1 Rfd8 25. Red1 $11 b5 26. Ne3 Qf4 27. Qb2 Rb8 28. Qa1 a5 29. c4 bxc4 30. Rxc4 Qd6 31. Qa4 Ne7 32. Rc5 Rb4 33. Qxa5 Rxb3 34. Nc4 Qb8 35. Nce5 Nfd5 36. Ng5 f6 37. Nxe6 Rd6 38. Nc4 Rb1 39. Rxb1 Qxb1+ 40. Kh2 Rxe6 41. Rxd5 Nxd5 42. Qd8+ Kf7 43. Qxd5 Qb8+ 44. g3 Qc7 45. Qh5+ Kg8 46. d5 Qxc4 1/2-1/2

[Event "World Junior U20 Girls 2018"]
[Site "Gebze"]
[Date "2018.09.11"]
[Round "7"]
[White "Koljevic, Nikolina"]
[Black "Nastase, Andreea-Cristina"]
[Result "1/2-1/2"]
[ECO "B53"]
[WhiteElo "1898"]
[BlackElo "1983"]
[Annotator "NA RC"]
[PlyCount "127"]
[EventDate "2018.09.05"]
[EventType "swiss"]
[EventCountry "TUR"]
[SourceTitle "playchess.com"]
[Source "ChessBase"]
[SourceQuality "1"]
[TimeControl "40/5400+30:1800+30"]

1. e4 c5 2. Nf3 d6 3. d4 cxd4 4. Qxd4 a6 5. Be3 Nc6 6. Qd2 Nf6 7. Nc3 e6 8. O-O-O Be7 {[%emt 0:00:00] LiveBook: 40 Games B53: Sicilian: 2...d6: Lines with Qxd4} (8... Qc7 9. Bf4 Ng4 10. Kb1 Bd7 11. h3 Nge5 12. Nd4 Rc8 13. Nxc6 Bxc6 14. Bg3 Be7 15. f4 Nd7 16. f5 e5 {0-1 (40) Zelcic,R (2501)-Rodshtein,M (2699) Katowice 2017}) 9. Nd4 Ng4 $146 ({Predecessor:} 9... Bd7 10. f3 Rc8 11. Qf2 O-O 12. g4 Ne5 13. Kb1 b5 14. g5 Ne8 15. Bd3 Nc4 16. Bxc4 Rxc4 {0-1 (47) Mihalecz,A (2093)-Suranyi,P (2131) Hungary 2010}) 10. Kb1 Nxe3 11. Qxe3 Nxd4 12. Qxd4 O-O 13. f3 Qc7 14. Qc4 Qxc4 15. Bxc4 b5 16. Bb3 Bb7 17. a4 b4 18. Ne2 Rfd8 19. Rd4 a5 20. Rhd1 Ba6 21. Ng3 g6 22. Nh1 Rac8 23. Ng3 h5 24. f4 h4 25. Nf1 e5 26. fxe5 dxe5 27. Rd7 Be2 28. R1d5 $11 Rxd7 29. Rxd7 Bxf1 30. Rxe7 Bc4 31. Rxe5 Bxb3 32. cxb3 Ra8 33. Kc2 Kg7 34. Kd3 f6 35. Rc5 g5 36. Ke3 Kg6 37. g3 hxg3 38. hxg3 Ra7 39. g4 Rh7 40. Rxa5 Rh3+ 41. Kd4 Rxb3 42. Rb5 Rxb2 43. Rb6 Rg2 44. e5 Rxg4+ 45. Ke3 b3 46. Rxf6+ Kg7 47. Rb6 Rxa4 48. Rxb3 Kg6 49. Rb5 Ra1 50. Kf3 Rf1+ 51. Kg4 Rf4+ 52. Kg3 Re4 53. Kf3 Re1 54. Kg4 Rg1+ 55. Kf3 Kf5 56. Ra5 Ke6 57. Ke4 Re1+ 58. Kf3 Rxe5 59. Rxe5+ Kxe5 60. Kg4 Kf6 61. Kg3 Kf5 62. Kf3 g4+ 63. Kg3 Kg5 64. Kg2 1/2-1/2

[Event "World Junior U20 Girls 2018"]
[Site "Gebze"]
[Date "2018.09.11"]
[Round "7"]
[White "Aydin, Gulenay"]
[Black "Celik, Eda"]
[Result "0-1"]
[ECO "C49"]
[WhiteElo "1882"]
[BlackElo "1970"]
[Annotator "NA"]
[PlyCount "80"]
[EventDate "2018.09.05"]
[EventType "swiss"]
[EventCountry "TUR"]
[SourceTitle "playchess.com"]
[Source "ChessBase"]
[SourceQuality "1"]
[TimeControl "40/5400+30:1800+30"]

1. e4 e5 2. Nf3 Nc6 3. Nc3 Nf6 4. Bb5 Bb4 5. O-O O-O 6. d3 d6 7. Bg5 Ne7 8. Nh4 {[%emt 0:02:30] C49: Four Knights: 4 Bb5 Bb4} (8. Bxf6 gxf6 9. Nh4 Bxc3 10. bxc3 f5 11. Qh5 fxe4 12. dxe4 Ng6 13. Nf5 Qf6 14. g3 Bxf5 15. exf5 Ne7 16. Bd3 d5 17. f3 Kh8 18. Kh1 {½-½ (67) Yeoh,L (2497)-Wang,H (2711) Kuala Lumpur 2018}) 8... c6 9. Ba4 Nd7 10. Bb3 Nc5 11. Ne2 Nxb3 12. axb3 Bc5 $146 ({Predecessor:} 12... d5 13. Ng3 f6 14. Be3 a5 15. h3 Be6 {0-1 (46) Fischvogt,E-Maierhofer,J (2203) ICCF email 2014}) 13. Ng3 f6 14. Be3 Bxe3 15. fxe3 d5 16. exd5 cxd5 17. d4 Be6 18. Nf3 e4 19. Nd2 f5 20. Ne2 g5 21. c4 a6 22. h4 gxh4 $15 23. Nf4 Bf7 24. Qe1 Ng6 25. Kh1 Rc8 26. Rc1 Kh8 27. Nxg6+ hxg6 28. Rf4 Kg7 29. Rxh4 g5 30. Rh2 Qc7 31. Qe2 Rh8 32. g4 Rxh2+ 33. Qxh2 Rh8 34. Qxh8+ Kxh8 35. Kg2 f4 36. Nf1 f3+ 37. Kf2 Be6 38. Rc3 Qh7 39. cxd5 Qh4+ 40. Ng3 Qh2+ 0-1

[Event "World Junior U20 Girls 2018"]
[Site "Gebze"]
[Date "2018.09.11"]
[Round "7"]
[White "Sade, Defne"]
[Black "Esti, Kubra Selenay"]
[Result "1-0"]
[ECO "B06"]
[WhiteElo "1826"]
[BlackElo "1662"]
[Annotator "NA"]
[PlyCount "87"]
[EventDate "2018.09.05"]
[EventType "swiss"]
[EventCountry "TUR"]
[SourceTitle "playchess.com"]
[Source "ChessBase"]
[SourceQuality "1"]
[TimeControl "40/5400+30:1800+30"]

1. e4 g6 2. d4 Bg7 3. Nf3 c6 4. Bc4 d5 {[%emt 0:02:00] B06: Modern Defence} 5. exd5 cxd5 6. Bd3 Bg4 7. c3 e6 (7... Nc6 8. h3 Bxf3 9. Qxf3 Nf6 10. O-O O-O 11. Qe3 {0-1 (41) Nenezic,D (2116)-Kalezic,B (2463) Sarajevo 2018}) 8. h3 $146 ({Predecessor:} 8. O-O Ne7 9. Bg5 O-O 10. Re1 Nbc6 11. Nbd2 Qc7 12. Qc2 Bxf3 13. Nxf3 {½-½ (31) Hennemann,F-Loesch,A Gernsheim 2013}) 8... Bxf3 9. Qxf3 Nd7 10. O-O Ne7 11. Re1 O-O 12. Bf4 Qb6 13. Qe2 Nc6 14. Be3 Rfe8 15. f4 f6 16. Qf2 Qc7 17. Na3 a6 18. Nc2 Na5 19. Rad1 Rac8 20. Bc1 Nc4 21. Re2 Qb6 22. Bxc4 Rxc4 23. Rde1 Rcc8 24. Nb4 Qd6 25. Qf3 Nb6 26. Nd3 Nd7 {[%emt 0:00:43] [#]} 27. Nb4 $11 (27. f5 $1 $16 gxf5 (27... exf5 28. Rxe8+) 28. Bf4) 27... Nb6 28. h4 e5 29. f5 e4 30. Qh3 a5 31. Nc2 Bf8 32. Ne3 Bg7 33. g3 Red8 34. Rh2 Qd7 35. g4 Nc4 36. Ng2 Nd6 37. Rf1 b5 38. Ne3 Nc4 39. g5 Nxe3 40. Bxe3 Bh8 41. h5 b4 42. hxg6 bxc3 43. gxh7+ Kf8 44. gxf6 1-0

[Event "World Junior U20 Girls 2018"]
[Site "Gebze"]
[Date "2018.09.11"]
[Round "7"]
[White "Duran, Esma Doga"]
[Black "Tian, Shi Yuan"]
[Result "0-1"]
[ECO "D19"]
[WhiteElo "1825"]
[BlackElo "1923"]
[Annotator "NA"]
[PlyCount "130"]
[EventDate "2018.09.05"]
[EventType "swiss"]
[EventCountry "TUR"]
[SourceTitle "playchess.com"]
[Source "ChessBase"]
[SourceQuality "1"]
[TimeControl "40/5400+30:1800+30"]

1. d4 d5 2. c4 c6 3. Nf3 Nf6 4. Nc3 dxc4 5. a4 Bf5 6. e3 e6 7. Bxc4 Bb4 8. O-O Nbd7 9. Qe2 O-O 10. e4 Bg6 11. Bd3 Bh5 12. e5 Nd5 13. Bd2 {[%emt 0:05:30] [#] D19: Slav Defence: 5 a4 Bf5 6 e3: Main line with 9 Qe2} Rc8 $146 ({Predecessor:} 13... c5 14. Nxd5 Bxd2 15. Qxd2 Bxf3 16. gxf3 exd5 17. f4 cxd4 18. Rfc1 Re8 19. Bf5 Nf8 20. Ra3 Ne6 {0-1 (51) Sasikiran,K (2690)-Rublevsky,S (2680) Foros 2007}) 14. Nxd5 Bxd2 15. Qxd2 cxd5 16. Rac1 Qe7 17. Qg5 Qxg5 18. Nxg5 Bg6 19. Bxg6 hxg6 20. b3 Nb8 21. Nf3 Nc6 22. Rfd1 Rfd8 23. Kf1 Nb4 24. Ke2 Na2 25. Rxc8 Rxc8 26. Kd2 Nc3 27. Rc1 Ne4+ 28. Kd1 Nxf2+ 29. Kd2 Ne4+ $17 30. Kd1 Rxc1+ 31. Kxc1 a5 32. Kc2 Kf8 33. b4 b6 34. Ne1 Nf2 35. bxa5 bxa5 36. Nf3 Ne4 37. Ne1 Ke7 38. Nd3 Kd7 39. Kb3 g5 40. Kc2 Kc7 41. Kb3 Nd2+ 42. Kc3 Nc4 43. Ne1 Kd7 44. Nd3 Ne3 45. Ne1 Nf1 46. h3 Ne3 47. Kd3 Nc4 48. Kc3 Ke7 49. Nf3 f6 50. Kb3 Kf7 51. Kc3 Kg6 52. g4 Kf7 53. Kc2 Ke7 54. Kc3 Kd7 55. Kc2 Ne3+ 56. Kd2 Ng2 57. Ng1 Nf4 58. Ke3 Kc6 59. Kf3 fxe5 60. dxe5 Nd3 61. Ke3 Nxe5 62. Kd4 Kd6 63. Ne2 Nc6+ 64. Kd3 e5 65. Nc3 e4+ 0-1

[Event "World Junior U20 Girls 2018"]
[Site "Gebze"]
[Date "2018.09.11"]
[Round "7"]
[White "Catal, Uktenur"]
[Black "Ayan, Bengu Sena"]
[Result "1-0"]
[ECO "D15"]
[WhiteElo "1809"]
[BlackElo "1976"]
[Annotator "NA"]
[PlyCount "109"]
[EventDate "2018.09.05"]
[EventType "swiss"]
[EventCountry "TUR"]
[SourceTitle "playchess.com"]
[Source "ChessBase"]
[SourceQuality "1"]
[TimeControl "40/5400+30:1800+30"]

1. d4 d5 2. c4 c6 3. Nf3 Nf6 4. e3 a6 5. Nc3 b5 6. b3 e6 {[%emt 0:02:00] D15: Slav Defence: 4 Nc3 a6 and gambit lines after 4 Nc3 dxc4} (6... Bg4 7. cxd5 cxd5 8. Bd3 e6 9. a4 b4 10. Ne2 Bxf3 11. gxf3 Be7 12. Bd2 O-O 13. Rc1 Qd7 14. Qc2 Bd6 {1-0 (28) Aronian,L (2805)-Laznicka,V (2647) Riadh 2017}) 7. Bb2 Nbd7 8. c5 g6 9. Be2 $146 ({Predecessor:} 9. Bd3 Bg7 10. h3 O-O 11. Qc2 Qe7 12. O-O Ne8 13. b4 e5 14. dxe5 Nxe5 15. Nxe5 Bxe5 {1-0 (42) Gupta,A (2619)-Palit,S (2418) Kanpur 2014}) 9... Bg7 10. O-O O-O 11. b4 Qc7 12. Qc2 a5 13. a3 Bb7 14. Rfc1 Rfc8 15. Qd2 axb4 16. axb4 Rxa1 17. Rxa1 Ra8 18. Qc2 Qc8 19. Nd2 Ne8 20. Rxa8 Bxa8 21. Nb3 e5 22. Nb1 Nc7 23. Na5 Ne6 24. dxe5 Nxe5 25. Nd2 Qc7 26. Ndb3 Bb7 27. Nd4 $14 Bc8 28. f4 Nxd4 29. Bxd4 Nd7 (29... Nc4 $1 $11) 30. Bxg7 Kxg7 31. Qc3+ Kg8 32. Bg4 Nf8 33. Bxc8 Qxc8 34. Qe5 Nd7 35. Qd6 Nb8 36. Kf2 h5 37. h3 Kg7 38. Qe5+ Kg8 39. Qd6 Kg7 40. Qe5+ Kg8 41. Qf6 Qd7 42. g4 hxg4 43. hxg4 Kh7 44. f5 gxf5 45. gxf5 d4 46. exd4 Qd5 47. Ke3 Kg8 48. Qe5 Qd8 49. f6 Kf8 50. Kd3 Nd7 51. Qd6+ Kg8 52. Nxc6 Qa8 53. Qxd7 Qa3+ 54. Ke4 Qb3 55. Qg4+ 1-0

[Event "World Junior U20 Girls 2018"]
[Site "Gebze"]
[Date "2018.09.11"]
[Round "7"]
[White "Caxita, Esperanca"]
[Black "Anandpara Jayendra Saloni"]
[Result "1-0"]
[ECO "B92"]
[WhiteElo "1803"]
[BlackElo "1326"]
[Annotator "NA"]
[PlyCount "66"]
[EventDate "2018.09.05"]
[EventType "swiss"]
[EventCountry "TUR"]
[SourceTitle "playchess.com"]
[Source "ChessBase"]
[SourceQuality "1"]
[TimeControl "40/5400+30:1800+30"]

1. e4 c5 2. Nf3 d6 3. d4 cxd4 4. Nxd4 Nf6 5. Nc3 a6 6. Be2 e5 7. Nb3 Be6 8. Bg5 Nbd7 9. O-O Be7 10. Qd2 b5 {[%emt 0:01:30] B92: Sicilian Najdorf: 6 Be2} (10... O-O 11. f3 Rc8 12. Rfd1 Qc7 13. Kh1 Rfd8 14. Rac1 Nb6 15. Bxf6 Bxf6 16. Nd5 Bxd5 17. exd5 h6 18. Qd3 {0-1 (67) Lacina,A (2227)-Vlasak,L (2308) Klatovy 2011}) 11. Qe3 $146 ({Predecessor:} 11. a3 O-O 12. Rad1 Rc8 13. h3 Qc7 14. Be3 Rfd8 15. Qe1 Nb6 16. f3 d5 17. exd5 Nfxd5 18. Bd2 Nxc3 19. Bxc3 {0-1 (25) Janjic,J (1981)-Nenezic,D (2116) Sarajevo 2018}) 11... Qb6 12. Qf3 Bg4 13. Qd3 Bxe2 14. Nxe2 Qc6 15. Ng3 g6 16. c3 h5 17. h4 Nh7 18. Bxe7 Kxe7 19. Rfd1 Rad8 20. Qe3 Nc5 21. Rd2 Ne6 $16 (21... Nf6 $11 {keeps the balance.}) 22. Rad1 Nf6 23. Qa7+ Rd7 24. Na5 Rxa7 25. Nxc6+ Kf8 26. Nxa7 Nc5 27. Rxd6 Nfxe4 28. Nxe4 Nxe4 29. Rxa6 Kg7 30. Nc6 Re8 31. Rd5 Nf6 32. Rxe5 Rxe5 33. Nxe5 Ng8 1-0

[Event "World Junior U20 Girls 2018"]
[Site "Gebze"]
[Date "2018.09.11"]
[Round "7"]
[White "De Silva, Tenara"]
[Black "Dwilewicz, Katarzyna"]
[Result "1/2-1/2"]
[ECO "C45"]
[WhiteElo "1764"]
[BlackElo "2081"]
[Annotator "NA"]
[PlyCount "54"]
[EventDate "2018.09.05"]
[EventType "swiss"]
[EventCountry "TUR"]
[SourceTitle "playchess.com"]
[Source "ChessBase"]
[SourceQuality "1"]
[TimeControl "40/5400+30:1800+30"]

1. e4 e5 2. Nf3 Nc6 3. d4 exd4 4. Nxd4 Nf6 5. Nxc6 bxc6 6. Bd3 d5 7. Qe2 dxe4 {[%emt 0:06:30] C45: Scotch Game} 8. Bxe4 Nxe4 9. Qxe4+ Qe7 10. Qxe7+ Bxe7 11. Bf4 Rb8 (11... Bf5 12. Bxc7 Bxc2 13. Nc3 O-O 14. Rc1 Bf5 15. O-O {½-½ (43) Nepomniachtchi,I (2751)-Anand,V (2783) Saint Louis 2017}) 12. b3 Bf6 $146 ({Predecessor:} 12... Bf5 13. Nd2 Bb4 14. O-O-O Rb7 15. Nc4 {1-0 (31) Nielsen,N (2245)-Ochsner,T (2275) Denmark 1986}) 13. c3 O-O 14. O-O Ba6 15. Rc1 Rbd8 16. Nd2 Rfe8 17. Nc4 Rd3 18. Re1 Rxe1+ 19. Rxe1 h6 20. Ne5 Rxc3 21. Nd7 Bd3 22. Re8+ Kh7 23. Nf8+ Kg8 24. Nd7+ Kh7 25. Nf8+ Kg8 26. Nd7+ Kh7 27. Nf8+ Kg8 $14 1/2-1/2

[Event "World Junior U20 Girls 2018"]
[Site "Gebze"]
[Date "2018.09.11"]
[Round "7"]
[White "Huttl, Sofie"]
[Black "Bail, Ellen Larissa"]
[Result "1-0"]
[ECO "B38"]
[WhiteElo "1727"]
[BlackElo "1832"]
[Annotator "NA"]
[PlyCount "107"]
[EventDate "2018.09.05"]
[EventType "swiss"]
[EventCountry "TUR"]
[SourceTitle "playchess.com"]
[Source "ChessBase"]
[SourceQuality "1"]
[TimeControl "40/5400+30:1800+30"]

1. e4 c5 2. Nf3 g6 3. d4 cxd4 4. Nxd4 Nc6 5. c4 Bg7 6. Be3 d6 7. Nc3 Nf6 8. Be2 O-O 9. O-O Bd7 10. Qd2 Rc8 11. f3 Nxd4 {[%emt 0:05:30] B38: Sicilian: Maroczy Bind with 5...Bg7 and 7...0-0} 12. Bxd4 {[%emt 0:00:30] LiveBook: 7 Games} Be6 13. Nd5 $146 ({Predecessor:} 13. b3 Qa5 14. Rfd1 Rfd8 15. Bf1 a6 16. Kh1 Nh5 17. Ne2 Qxd2 18. Rxd2 Bxd4 19. Nxd4 {½-½ (113) Gritsak,O (2497)-Kyc,J (2210) Krakow 2017}) 13... Bxd5 14. cxd5 Nd7 15. Bxg7 Kxg7 16. Qd4+ Kg8 17. Rac1 Qb6 18. Qxb6 Nxb6 19. b3 Rxc1 20. Rxc1 Rc8 21. Rxc8+ Nxc8 22. Kf2 g5 23. Ke3 Kg7 24. g3 Nb6 $11 25. Kd4 Nd7 26. f4 gxf4 27. gxf4 f6 28. b4 Nf8 29. Bg4 Ng6 30. Ke3 Kf7 31. Bc8 b6 32. a4 Ke8 33. Bf5 Kd8 34. Bxg6 hxg6 35. h4 Ke8 36. Kf3 Kf7 37. Kg4 Kg7 38. f5 g5 39. hxg5 fxg5 40. Kxg5 a6 41. Kg4 Kf7 42. b5 a5 43. Kf3 Kg7 44. Kf4 Kf6 45. e5+ Kg7 46. exd6 exd6 47. Kg5 Kf7 48. f6 Kf8 49. f7 Kxf7 50. Kf5 Ke7 51. Kg6 Ke8 52. Kf6 Kd7 53. Kf7 Kd8 54. Ke6 1-0